cohdb
Replays
Latest Replays
All Replays
Popular Replays
Top Player Replays
Match Explorer
How It Works
Community
CoH3 Stats
Reddit
Sign in to upload your games and track your stats! →
Sign in with Steam
Match 44734534
Unlisted
Match 44734534
Overview
Messages
Build Orders
End
Royal Engineer Section
Construct Section Command Post
Selects Canadian Shock Battlegroup
Dingo Light Scout Car
Infantry Section
Infantry Section
Selects Offensive Resupply
Selects Canadian Shock Section
Canadian Shock Section
Construct Platoon Command Post
Unlock M3 Stuart Light Tanks
Selects Smoke Operation
M3 Stuart Light Tank
M3 Stuart Light Tank
M3 Stuart Light Tank
Smoke Operation
Smoke Operation
Canadian Shock Section
Selects Incendiary Munitions
Selects Pyrotechnics
Construct Company Command Post
Matilda II Heavy Tank
Smoke Operation
Selects Churchill Crocodile Heavy Tank
Churchill Crocodile Heavy Tank
Smoke Operation
Unlock M3 Grant Medium Tanks
Smoke Operation
Construct Field Infirmary
Canadian Shock Section
Foot Guards Section
Foot Guards Section
Foot Guards Section
Infantry Training
Smoke Operation
Royal Engineer Section
Smoke Operation
Serial Chiller
prinzmcx
MightyShroom68
南江君
真叫人头秃
296026373
girlbobo
abasjoohy999
0
0
Comments
sign in to comment!
No comments posted yet!